 Dungeon Crawl Stone Soup version 0.30-a0-956-gcec3b41aec (webtiles) character file.

Game seed: 14151087200099385796

123 vishdafish the Conjurer (level 4, -8/30 HPs)
             Began as a Demonspawn Conjurer on Mar 29, 2023.
             Mangled by a sleepcap (18 damage)
             ... on level 3 of the Dungeon.
             The game lasted 00:03:41 (2506 turns).

vishdafish the Conjurer (Demonspawn Conjurer)       Turns: 2506, Time: 00:03:41

Health: -8/30      AC:  2    Str:  7    XL:     4   Next: 79%
Magic:  1/9        EV:  2    Int: 21    God:
Gold:   100        SH:  0    Dex: 12    Spells: 8/9 levels left

rFire   . . .      SeeInvis .    f - +2 mace (protect)
rCold   . . .      Faith    .    (no shield)
rNeg    . . .      Spirit   .    a - +0 robe
rPois   .          Reflect  .    (helmet restricted)
rElec   .          Rampage  .    (no cloak)
rCorr   .                        (no gloves)
Will    .....                    (no boots)
Stlth   ++                       (no amulet)
HPRegen 0.25/turn                (no ring)
MPRegen 0.11/turn                (no ring)

@: sleeping, slowed
A: antennae 1
a: no special abilities


You were on level 3 of the Dungeon.
You visited 1 branch of the dungeon, and saw 4 of its levels.

You collected 100 gold pieces.

Inventory:

Hand Weapons
 f - a +2 mace of protection (weapon)
 n - a +0 long sword
Armour
 a - a +0 robe (worn)
Jewellery
 h - an amulet of faith
Wands
 m - a wand of digging (7)
Scrolls
 c - a scroll of fog {unknown}
 i - a scroll of poison {unknown}
 j - 2 scrolls of teleportation {unknown}
 l - a scroll of fear {unknown}
Potions
 b - 2 potions of magic
 d - a potion of invisibility {unknown}
 e - 2 potions of lignification {unknown}
 g - a potion of ambrosia {unknown}
 k - a potion of haste {unknown}


   Skills:
 - Level 2.0 Dodging
 - Level 2.0 Stealth
 + Level 3.4 Spellcasting
 + Level 5.1 Conjurations


You had 8 spell levels left.
You knew the following spells:

 Your Spells              Type           Power      Damage    Failure   Level
a - Magic Dart            Conj           100%       1d8       1%          1

Your spell library contained the following spells:

 Spells                   Type           Power      Damage    Failure   Level
 Searing Ray              Conj           50%        2d6       2%          2
 Freeze                   Ice            12%        1d3       13%         1
 Dazzling Flash           Conj/Hex       28%        N/A       13%         3
 Hailstorm                Conj/Ice       14%        3d5       13%         3
 Frozen Ramparts          Ice            6%         1d1       36%         3
 Fulminant Prism          Conj/Hex       7%         3d6       41%         4
 Iskenderun's Mystic Bla  Conj/Tloc      14%        2d5       41%         4


Dungeon Overview and Level Annotations

Branches:
Dungeon (4/15)
 Temple: D:4-7

Altars:
Nemelex Xobeh

Shops:
D:1 !


Innate Abilities, Weirdness & Mutations

You have a pair of small antennae on your head.


Message History

Jessica is almost dead.
Jessica hits you but does no damage. x2
The sleepcap releases spores at you but does no damage.
Aiming: Magic Dart (safe; 1% risk of failure)
Press: ? - help, Q - select action Shift-Dir - straight line, f/p - Jessica
Aim: Jessica, wielding a +0 club and wearing a +2 robe (almost dead, fast, 100% to hit)
The magic dart hits Jessica but does no damage.
Jessica is almost dead.
Jessica casts a spell at you.
You feel yourself slow down. The sleepcap barely misses you.
Aiming: Magic Dart (safe; 1% risk of failure)
Press: ? - help, Q - select action Shift-Dir - straight line, f/p - Jessica
Aim: Jessica, wielding a +0 club and wearing a +2 robe (almost dead, fast, 100% to hit)
The magic dart hits Jessica.
You kill Jessica!
The sleepcap releases spores at you but does no damage.
Your Conjurations skill increases to level 5!
Aiming: Magic Dart (safe; 1% risk of failure)
Press: ? - help, Q - select action Shift-Dir - straight line, f - sleepcap
Aim: a sleepcap (100% to hit)
The magic dart hits the sleepcap but does no damage.
The sleepcap releases spores at you but does no damage.
The sleepcap closely misses you.
Aiming: Magic Dart (safe; 1% risk of failure)
Press: ? - help, Q - select action Shift-Dir - straight line, f/p - sleepcap
Aim: a sleepcap (100% to hit)
The magic dart hits the sleepcap but does no damage.
The sleepcap closely misses you.
Aiming: Magic Dart (safe; 1% risk of failure)
Press: ? - help, Q - select action Shift-Dir - straight line, f/p - sleepcap
Aim: a sleepcap (100% to hit)
The magic dart hits the sleepcap!
The sleepcap is moderately damaged.
The sleepcap releases spores at you.
You are engulfed in a cloud of soporific spores!
You fall asleep.
The sleepcap releases spores at you but does no damage.
The sleepcap releases spores at you!!
Ouch! That really hurt!
You die...

#.##.........#
#.......#.##.###
###.....#.†.....
#..<####.......
#####...........[. ..#
#............. #. #.#
#............. ..#..##f#
#.............
#......@###.............
........)...............
####....................
##.######............
#.. #............ #..
#.....####### #. #.....#
#. #.....# #.....#


You could see a sleepcap.

Vanquished Creatures
  Jessica (D:3)
  3 gnolls (D:2)
  2 dart slugs
  5 endoplasms (D:2)
  A giant cockroach (D:2)
  6 hobgoblins
  7 jackals
  4 kobolds
  4 quokkas
  3 ball pythons
  7 bats
  6 frilled lizards
  3 goblins
  12 rats
64 creatures vanquished.

Vanquished Creatures (others)
  6 toadstools (D:3)
6 creatures vanquished.

Grand Total: 70 creatures vanquished

Notes
Turn   | Place    | Note
-------+----------+-------------------------------------------
     0 | D:1      | vishdafish the Demonspawn Conjurer began the quest for the
                  | Orb.
     0 | D:1      | Reached XP level 1. HP: 13/13 MP: 3/3
   277 | D:1      | Gained mutation: You have a pair of small antennae on your
                  | head. [demonic ancestry]
   277 | D:1      | Reached XP level 2. HP: 19/19 MP: 1/5
   377 | D:1      | Found Ejarant's Distillery.
   670 | D:1      | Found Baregraf's Weapon Emporium.
   869 | D:1      | Reached XP level 3. HP: 24/24 MP: 0/6
  1167 | D:2      | Found a sparkling altar of Nemelex Xobeh.
  1570 | D:2      | Reached XP level 4. HP: 30/30 MP: 2/8
  2153 | D:3      | Found a faded altar of an unknown god.
  2490 | D:3      | Noticed Jessica
  2502 | D:3      | Killed Jessica
  2503 | D:3      | Reached skill level 5 in Conjurations
  2506 | D:3      | Mangled by a sleepcap

Illustrated notes

Levels and vault maps discovered:
D:1:      zaba_arrival_water, layout_rooms, serial_shops, shop,
          nicolae_shop_bloodbath_and_beyond, serial_bayou_pond_e
D:2:      layout_loops_cross, basic_altar, kennysheep_generic_room_13
D:3:      cheibrodos_fertilizer, layout_basic, ebering_ghost_disaster_area,
          hellmonk_ecumenical_altar_dog_temple, serial_shops, shop,
          grunt_ministairs_15, uniq_jessica
D:4:      layout_cave_pools

Skill      XL: |  1  2  3  4 |
---------------+-------------+-----
Dodging        | 2 |  2.0
Stealth        | 2 |  2.0
Spellcasting   | 3 |  3.4
Conjurations   | 5 |  5.1

Action                     |  1- 3 |  4- 6 || total
---------------------------+-------+-------++-------
  Melee: Unarmed           |    23 |       ||    23
         Punch             |     1 |       ||     1
         Long sword        |       |     3 ||     3
         Mace              |       |     1 ||     1
   Cast: Magic Dart        |    87 |    46 ||   133
 Armour: Robe              |     7 |     8 ||    15
  Dodge: Dodged            |    30 |    14 ||    44

Table legend: (Time is in decaauts)
 A = Elapsed time spent in this place.
 B = Non-inter-level travel time spent in this place.
 C = Inter-level travel time spent in this place.
 D = Time resting spent in this place.
 E = Time spent auto-exploring this place.
 F = Levels seen in this place.
 G = Mean time per level.
                   A        B        C        D        E       F      G
               +--------+--------+--------+--------+--------+-----+--------+
         Total |   2514 |   2475 |     39 |      0 |   2134 |   4 |  628.5 |
       Dungeon |   2514 |   2475 |     39 |      0 |   2134 |   4 |  628.5 |
               +--------+--------+--------+--------+--------+-----+--------+

Top non-repeatable levels by time:
     D:2: 1102 daAuts
     D:1: 1033 daAuts
     D:3: 344 daAuts
     D:4: 33 daAuts
